 Dungeon Sprint DCSS version 0.30-a0-187-gd9c2deaf24 (webtiles) character file.

Game seed: 5348121984608525584

8100000 ytrimaz the Ninja (level 27, -39/323 HPs)
             Began as a Demonspawn Monk on Oct 3, 2022.
             Was the Champion of Makhleb.
             Annihilated by a large bag of meat
             ... wielding a +9 giant spiked club
              (48 damage)
             ... in the Dungeon (Sprint VIII: "Arena of Blood").
             The game lasted 00:03:04 (81 turns).

ytrimaz the Ninja (Demonspawn Monk)                   Turns: 81, Time: 00:03:04

Health: -39/323    AC:  7    Str: 14    XL:     27
Magic:  31/54      EV: 40    Int: 12    God:    Makhleb [******]
Gold:   0          SH:  0    Dex: 27    Spells: 80/80 levels left

rFire   . . .      SeeInvis .    i - +∞ Axe of Woe
rCold   . . .      Faith    .    (shield currently unavailable)
rNeg    . . .      Spirit   .    a - +0 robe
rPois   .          Reflect  .    (no helmet)
rElec   .          Harm     .    (no cloak)
rCorr   .          Rampage  .    (no gloves)
Will    ++...      NoTele   +    (boots unavailable)
Stlth   ++++++++++               (no amulet)
HPRegen 9.73/turn                (no ring)
MPRegen 0.34/turn                (no ring)

@: slowed, very slow
A: hooves 3, ignite blood 3, powered by death 3, robust 3, sharp scales 3
a: Renounce Religion, Minor Destruction, Lesser Servant of Makhleb, Major
Destruction, Greater Servant of Makhleb


You were in the Dungeon.
You worshipped Makhleb.
Makhleb was exalted by your worship.
You visited 1 branch


Innate Abilities, Weirdness & Mutations

You have hooves in place of feet.
Your demonic aura causes all spilled blood to erupt in flames.
You regenerate a lot of health from kills.
You are extremely robust. (+30% HP)
You are completely covered in razor-sharp scales. (AC +3, Slay +3)


   Skills:
 O Level 27 Fighting
 O Level 27 Short Blades
 O Level 27 Long Blades
 O Level 27 Axes
 O Level 27 Maces & Flails
 O Level 27 Polearms
 O Level 27 Staves
 O Level 27 Ranged Weapons
 O Level 27 Throwing
 O Level 27 Armour
 O Level 27 Dodging
 O Level 27 Stealth
 O Level 27 Shields
 O Level 27 Unarmed Combat
 O Level 27 Spellcasting
 O Level 27 Conjurations
 O Level 27 Hexes
 O Level 27 Summonings
 O Level 27 Necromancy
 O Level 27 Translocations
 O Level 27 Transmutations
 O Level 27 Fire Magic
 O Level 27 Ice Magic
 O Level 27 Air Magic
 O Level 27 Earth Magic
 O Level 27 Poison Magic
 O Level 27 Invocations
 O Level 27 Evocations


You had 80 spell levels left.
You didn't know any spells.
Your spell library was empty.

Inventory:

Hand Weapons
 i - the +∞ Axe of Woe (weapon)
   (You found it in the Dungeon)
Armour
 a - a +0 robe (worn)
Potions
 b - a potion of ambrosia
 c - a potion of curing
 d - a potion of heal wounds
 e - a potion of haste
 f - 2 potions of magic
 g - a potion of berserk rage

Dungeon Overview and Level Annotations

Branches:
Dungeon (1/1) Zot: 27000

Altars:
Makhleb

. #### .. ...####
##.#####...°..#
...☼...§.......
..M..##.##.☼☼..☼☼....
...............○......
........#.#○○§@○°.#...
..........○.☼☼O§###
..X.........LoXooo
XVXX.....X§§☼○ooooD.
XL...2....o§☼Xoo......
XX.o..)X))XX.§.☼..o2o.
..#..)VLDW#☼......oO.
#..).X).#.........D
.###....)).###...


You could see 2 tentacled monstrosities, a meat beast (fast), 2 tyrants, 3
eight-headed meat hydras, a destroyer, a large bag of meat (inner flame), 5
large abominations, a dread, a meat berserker (berserk) and 14 bags of meat.


Message History

You hear a shout! x3
The meat berserker rages.
You hear a shout! x4
The bag of meat is engulfed in blazing flames.
A meat berserker comes into view. It is wielding a +9 battleaxe.
The bag of meat is engulfed in blazing flames. x2
The eight-headed meat hydra calls on the powers of darkness!
The eight-headed meat hydra convulses!
The meat berserker convulses!
The bag of meat convulses! x5; The large bag of meat convulses!
Flame seeps out of the large bag of meat.
The bag of meat convulses! x2; The meat berserker convulses!
Your body is wracked with pain!
* * * LOW HITPOINT WARNING * * *
You hear a shout! x3
The accursed is engulfed in blazing flames.
The meat berserker is engulfed in blazing flames.
The meat berserker hits you with a +9 battleaxe!!
* * * LOW HITPOINT WARNING * * *
You hear a shout!
An eight-headed meat hydra comes into view.
The tentacled monstrosity is engulfed in blazing flames.
You hear a shout! 😱 HP[+3] MP[+1]
You regained 3 hp, and now have 47/323 hp.
Unknown command.
You hit the accursed. You chop the accursed into pieces.
You destroy the accursed!
Makhleb accepts your kill.
You feel better.
You hit the meat berserker.
You fatally mangle the meat berserker.
You kill the meat berserker!
Makhleb accepts your kill.
You feel better.
You feel extremely nervous for a moment...
Your body is wracked with pain!
* * * LOW HITPOINT WARNING * * *
You hear a shout! x4
The bag of meat is engulfed in blazing flames.
You hear a shout!
The bag of meat is engulfed in blazing flames.
The large bag of meat is engulfed in blazing flames.
The eight-headed meat hydra calls on the powers of darkness!
The eight-headed meat hydra convulses!
The bag of meat convulses! x4
The meat berserker convulses!
The bag of meat convulses! x3
The large bag of meat convulses!
Flame seeps out of the large bag of meat.
The bag of meat convulses!
Your body is wracked with pain!
* * * LOW HITPOINT WARNING * * *
You hear a shout! x2
The tentacled monstrosity is engulfed in blazing flames.
The eight-headed meat hydra is engulfed in blazing flames.
The tyrant is engulfed in blazing flames. 😱 HP[-12]
You take 12 damage, and now have 35/323 hp.
Unknown command.
Unknown command.
You hear a shout!
The meat berserker is engulfed in blazing flames.
The tyrant is engulfed in blazing flames.
The tyrant gestures wildly while chanting.
You hear a shout! x2
The bag of meat is engulfed in blazing flames. x2
The large bag of meat is engulfed in blazing flames.
Flame seeps out of the large bag of meat.
You hear a shout!
The eight-headed meat hydra calls on the powers of darkness!
The eight-headed meat hydra convulses!
The bag of meat convulses! x7
The meat berserker convulses!
The bag of meat convulses! x2
The large bag of meat convulses!
Flame seeps out of the large bag of meat.
Your body is wracked with pain!
* * * LOW HITPOINT WARNING * * *
The eight-headed meat hydra is engulfed in blazing flames.
The eight-headed meat hydra calls on the powers of darkness!
The eight-headed meat hydra convulses!
The bag of meat convulses! x11
The meat berserker convulses!
The large bag of meat convulses!
Flame seeps out of the large bag of meat.
The meat berserker convulses!
The bag of meat convulses!
Your body is wracked with pain!
* * * LOW HITPOINT WARNING * * *
The bag of meat convulses!
The meat berserker is engulfed in blazing flames.
You kill the meat berserker!
Makhleb accepts your kill.
You feel better.
You hear a shout!
The tyrant is engulfed in blazing flames.
You hear a shout!
The tyrant is engulfed in blazing flames.
The tyrant waves its bony arms in wide circles.
The air twists around and strikes you!!
* * * LOW HITPOINT WARNING * * *
You hear a shout!
The bag of meat is engulfed in blazing flames. x3
You hear a shout!
The large bag of meat is engulfed in blazing flames.
Flame seeps out of the large bag of meat.
The large bag of meat hits you with a +9 giant spiked club!!!
You die...

Skill      XL: |  1  2  3  4  5  6  7  8  9 10 11 12 13 14 15 16 17 18 19 20 21 22 23 24 25 26 27 |
---------------+----------------------------------------------------------------------------------+-----
Fighting       | 13 16 17 20 22 26 27 | 27.0
Dodging        | 12 15 16 19 21 24 27 | 27.0
Stealth        | 13 16 17 20 22 26 27 | 27.0
Unarmed Combat | 12 15 16 19 21 24 27 | 27.0
Axes           | 11 17 27 | 27.0
Invocations    | 16 24 27 | 27.0
Short Blades   | 3 7 10 12 15 17 18 20 22 27 | 27.0
Long Blades    | 3 7 10 12 15 17 18 20 22 27 | 27.0
Maces & Flails | 3 7 10 12 15 17 18 21 22 27 | 27.0
Polearms       | 3 7 10 12 15 17 18 20 22 27 | 27.0
Staves         | 3 7 10 12 15 17 18 20 22 27 | 27.0
Ranged Weapons | 3 7 10 12 15 17 18 20 22 27 | 27.0
Throwing       | 3 7 10 12 15 17 18 20 22 27 | 27.0
Armour         | 3 7 10 12 15 17 18 20 22 27 | 27.0
Shields        | 3 7 10 12 15 17 18 20 22 27 | 27.0
Spellcasting   | 3 7 10 12 15 17 18 20 22 27 | 27.0
Conjurations   | 4 8 11 13 16 18 19 22 23 27 | 27.0
Hexes          | 4 8 11 13 16 18 19 22 23 27 | 27.0
Summonings     | 4 8 11 13 16 18 19 22 23 27 | 27.0
Necromancy     | 4 9 12 14 17 20 21 24 25 27 | 27.0
Translocations | 3 7 10 12 15 17 18 21 22 27 | 27.0
Transmutations | 3 7 10 12 15 17 18 20 22 27 | 27.0
Fire Magic     | 3 7 10 12 15 17 18 20 22 27 | 27.0
Ice Magic      | 3 7 10 12 15 17 18 20 22 27 | 27.0
Air Magic      | 3 7 10 12 15 17 18 21 22 27 | 27.0
Earth Magic    | 3 7 10 12 15 17 18 21 22 27 | 27.0
Poison Magic   | 4 8 11 13 16 18 20 22 23 27 | 27.0
Evocations     | 4 8 11 13 16 18 19 22 23 27 | 27.0

Action                   |  1- 3 |  4- 6 |  7- 9 | 10-12 | 13-15 | 16-18 | 19-21 | 22-24 | 25-27 || total
-------------------------+-------+-------+-------+-------+-------+-------+-------+-------+-------++-------
Melee: Executioner's axe |     1 |       |       |     2 |     4 |     6 |    18 |    10 |    18 ||    59
  Use: Scroll            |       |       |       |       |       |       |       |       |     1 ||     1
Armor: Robe              |       |       |       |       |       |       |       |     1 |       ||     1
Dodge: Dodged            |       |       |       |     1 |     1 |     1 |       |     2 |     4 ||     9

Levels and vault maps discovered:
D:        meatsprint

Notes
Turn   | Place    | Note
-------+----------+-------------------------------------------
     0 | D        | Found the +∞ Axe of Woe
     0 | D        | ytrimaz the Demonspawn Monk began the quest for the Orb.
     0 | D        | Reached XP level 1. HP: 18/18 MP: 1/1
     0 | D        | magus.rc [v1.9.6]
     2 | D        | Noticed a bag of meat
     3 | D        | Became a worshipper of Makhleb the Destroyer
     3 | D        | Reached * piety under Makhleb
     3 | D        | Reached ** piety under Makhleb
     5 | D        | Noticed a bag of meat
     6 | D        | Noticed a bag of meat
     7 | D        | Noticed a bag of meat
     8 | D        | Killed a bag of meat
     8 | D        | Noticed a meat berserker
     9 | D        | Reached skill level 13 in Fighting
     9 | D        | Reached skill level 12 in Dodging
     9 | D        | Reached skill level 13 in Stealth
     9 | D        | Reached skill level 12 in Unarmed Combat
     9 | D        | Gained mutation: You are partially covered in razor-sharp
                  | scales. (AC +1, Slay +1) [demonic ancestry]
     9 | D        | Reached XP level 2. HP: 40/40 MP: 2/2
     9 | D        | Reached XP level 3. HP: 46/46 MP: 3/3
     9 | D        | Gained mutation: You are mostly covered in razor-sharp
                  | scales. (AC +2, Slay +2) [demonic ancestry]
     9 | D        | Reached XP level 4. HP: 53/53 MP: 4/4
     9 | D        | Reached XP level 5. HP: 59/59 MP: 5/5
     9 | D        | Gained mutation: Your demonic aura sometimes causes spilled
                  | blood to erupt in flames. [demonic ancestry]
     9 | D        | Reached XP level 6. HP: 66/66 MP: 6/6
     9 | D        | Gained mutation: Your demonic aura often causes spilled
                  | blood to erupt in flames. [demonic ancestry]
     9 | D        | Reached XP level 7. HP: 72/72 MP: 7/7
     9 | D        | Gained mutation: Your demonic aura causes all spilled blood
                  | to erupt in flames. [demonic ancestry]
     9 | D        | Reached XP level 8. HP: 79/79 MP: 8/8
     9 | D        | Gained mutation: You have large cloven feet. [demonic
                  | ancestry]
     9 | D        | Reached XP level 9. HP: 85/85 MP: 9/9
     9 | D        | Gained mutation: You regenerate a little health from kills.
                  | [demonic ancestry]
     9 | D        | Reached XP level 10. HP: 92/92 MP: 10/10
     9 | D        | Killed a bag of meat
     9 | D        | Killed a bag of meat
     9 | D        | Noticed a meat berserker
     9 | D        | Noticed a bag of meat
     9 | D        | Noticed a bag of meat
    10 | D        | Reached skill level 16 in Fighting
    10 | D        | Reached skill level 15 in Dodging
    10 | D        | Reached skill level 16 in Stealth
    10 | D        | Reached skill level 15 in Unarmed Combat
    10 | D        | Reached XP level 11. HP: 106/106 MP: 11/11
    10 | D        | Gained mutation: You have hoof-like feet. [demonic
                  | ancestry]
    10 | D        | Reached XP level 12. HP: 113/113 MP: 12/12
    11 | D        | Killed a bag of meat
    11 | D        | Reached *** piety under Makhleb
    11 | D        | Noticed a meat berserker
    11 | D        | Noticed a meat berserker
    11 | D        | Noticed a bag of meat
    11 | D        | Noticed a bag of meat
    11 | D        | Noticed a bag of meat
    11 | D        | Noticed a meat berserker
    12 | D        | Reached skill level 17 in Fighting
    12 | D        | Reached skill level 16 in Dodging
    12 | D        | Reached skill level 17 in Stealth
    12 | D        | Reached skill level 16 in Unarmed Combat
    12 | D        | Gained mutation: You regenerate health from kills. [demonic
                  | ancestry]
    12 | D        | Reached XP level 13. HP: 69/122 MP: 13/13
    12 | D        | Killed a meat berserker
    12 | D        | Killed a meat berserker
    12 | D        | Noticed a bag of meat
    12 | D        | Noticed a bag of meat
    12 | D        | Noticed a meat berserker
    13 | D        | Reached skill level 20 in Fighting
    13 | D        | Reached skill level 19 in Dodging
    13 | D        | Reached skill level 20 in Stealth
    13 | D        | Reached skill level 19 in Unarmed Combat
    13 | D        | Reached XP level 14. HP: 124/136 MP: 14/14
    14 | D        | Killed a meat berserker
    14 | D        | Reached **** piety under Makhleb
    14 | D        | Killed a meat berserker
    15 | D        | Reached skill level 22 in Fighting
    15 | D        | Reached skill level 21 in Dodging
    15 | D        | Reached skill level 22 in Stealth
    15 | D        | Reached skill level 21 in Unarmed Combat
    15 | D        | Reached XP level 15. HP: 112/148 MP: 15/15
    15 | D        | Killed a meat berserker
    15 | D        | Noticed a meat berserker
    16 | D        | Reached skill level 24 in Fighting
    16 | D        | Reached skill level 22 in Dodging
    16 | D        | Reached skill level 24 in Stealth
    16 | D        | Reached skill level 22 in Unarmed Combat
    16 | D        | Killed a meat berserker
    16 | D        | Reached ***** piety under Makhleb
    16 | D        | Noticed a meat berserker
    16 | D        | Noticed a meat berserker
    17 | D        | Reached skill level 26 in Fighting
    17 | D        | Reached skill level 24 in Dodging
    17 | D        | Reached skill level 26 in Stealth
    17 | D        | Reached skill level 24 in Unarmed Combat
    17 | D        | Reached XP level 16. HP: 139/164 MP: 16/16
    17 | D        | Noticed a meat berserker
    17 | D        | Noticed a meat berserker
    18 | D        | Reached skill level 27 in Fighting
    18 | D        | Reached skill level 25 in Dodging
    18 | D        | Reached skill level 27 in Stealth
    18 | D        | Reached skill level 25 in Unarmed Combat
    18 | D        | Killed a meat berserker
    18 | D        | Killed a meat berserker
    18 | D        | Reached ****** piety under Makhleb
    19 | D        | Reached skill level 27 in Dodging
    19 | D        | Reached skill level 27 in Unarmed Combat
    19 | D        | Reached skill level 11 in Axes
    19 | D        | Reached skill level 16 in Invocations
    19 | D        | Reached XP level 17. HP: 174/174 MP: 16/29
    19 | D        | Noticed a large bag of meat
    19 | D        | Noticed a large bag of meat
    20 | D        | Killed a meat berserker
    20 | D        | Killed a meat berserker
    21 | D        | Reached skill level 17 in Axes
    21 | D        | Reached skill level 24 in Invocations
    21 | D        | Gained mutation: You have hooves in place of feet. [demonic
                  | ancestry]
    21 | D        | Reached XP level 18. HP: 112/182 MP: 16/34
    21 | D        | Killed a meat berserker
    22 | D        | Reached skill level 20 in Axes
    22 | D        | Reached skill level 27 in Invocations
    23 | D        | Noticed a sculptor of flesh
    24 | D        | Noticed a destroyer
    24 | D        | Killed a destroyer
    25 | D        | Reached skill level 26 in Axes
    25 | D        | Noticed a sculptor of flesh
    25 | D        | Killed a large bag of meat
    25 | D        | Killed a large bag of meat
    25 | D        | Noticed a destroyer
    26 | D        | Reached skill level 27 in Axes
    26 | D        | Reached skill level 3 in Short Blades
    26 | D        | Reached skill level 3 in Long Blades
    26 | D        | Reached skill level 3 in Maces & Flails
    26 | D        | Reached skill level 3 in Polearms
    26 | D        | Reached skill level 3 in Staves
    26 | D        | Reached skill level 3 in Ranged Weapons
    26 | D        | Reached skill level 3 in Throwing
    26 | D        | Reached skill level 3 in Armour
    26 | D        | Reached skill level 3 in Shields
    26 | D        | Reached skill level 3 in Spellcasting
    26 | D        | Reached skill level 4 in Conjurations
    26 | D        | Reached skill level 4 in Hexes
    26 | D        | Reached skill level 4 in Summonings
    26 | D        | Reached skill level 4 in Necromancy
    26 | D        | Reached skill level 3 in Translocations
    26 | D        | Reached skill level 3 in Transmutations
    26 | D        | Reached skill level 3 in Fire Magic
    26 | D        | Reached skill level 3 in Ice Magic
    26 | D        | Reached skill level 3 in Air Magic
    26 | D        | Reached skill level 3 in Earth Magic
    26 | D        | Reached skill level 4 in Poison Magic
    26 | D        | Reached skill level 4 in Evocations
    26 | D        | Gained mutation: You are robust. (+10% HP) [demonic
                  | ancestry]
    26 | D        | Reached XP level 19. HP: 115/207 MP: 17/36
    27 | D        | Noticed a meat berserker
    28 | D        | Reached skill level 4 in Short Blades
    28 | D        | Reached skill level 4 in Long Blades
    28 | D        | Reached skill level 4 in Maces & Flails
    28 | D        | Reached skill level 4 in Polearms
    28 | D        | Reached skill level 4 in Staves
    28 | D        | Reached skill level 4 in Ranged Weapons
    28 | D        | Reached skill level 4 in Throwing
    28 | D        | Reached skill level 4 in Armour
    28 | D        | Reached skill level 4 in Shields
    28 | D        | Reached skill level 4 in Spellcasting
    28 | D        | Reached skill level 5 in Conjurations
    28 | D        | Reached skill level 5 in Hexes
    28 | D        | Reached skill level 5 in Summonings
    28 | D        | Reached skill level 5 in Necromancy
    28 | D        | Reached skill level 4 in Translocations
    28 | D        | Reached skill level 4 in Transmutations
    28 | D        | Reached skill level 4 in Fire Magic
    28 | D        | Reached skill level 4 in Ice Magic
    28 | D        | Reached skill level 4 in Air Magic
    28 | D        | Reached skill level 4 in Earth Magic
    28 | D        | Reached skill level 5 in Poison Magic
    28 | D        | Reached skill level 5 in Evocations
    28 | D        | Noticed a destroyer
    29 | D        | Reached skill level 5 in Short Blades
    29 | D        | Reached skill level 5 in Long Blades
    29 | D        | Reached skill level 5 in Maces & Flails
    29 | D        | Reached skill level 5 in Polearms
    29 | D        | Reached skill level 5 in Staves
    29 | D        | Reached skill level 5 in Ranged Weapons
    29 | D        | Reached skill level 5 in Throwing
    29 | D        | Reached skill level 5 in Armour
    29 | D        | Reached skill level 5 in Shields
    29 | D        | Reached skill level 5 in Spellcasting
    29 | D        | Reached skill level 6 in Necromancy
    29 | D        | Reached skill level 5 in Transmutations
    29 | D        | Reached skill level 5 in Fire Magic
    29 | D        | Reached skill level 5 in Ice Magic
    29 | D        | Reached skill level 5 in Air Magic
    29 | D        | Reached skill level 5 in Earth Magic
    30 | D        | Reached skill level 6 in Conjurations
    30 | D        | Reached skill level 6 in Hexes
    30 | D        | Reached skill level 6 in Summonings
    30 | D        | Reached skill level 5 in Translocations
    30 | D        | Reached skill level 6 in Poison Magic
    30 | D        | Reached skill level 6 in Evocations
    30 | D        | Killed a destroyer
    30 | D        | Noticed a meat berserker
    31 | D        | Reached skill level 6 in Short Blades
    31 | D        | Reached skill level 6 in Long Blades
    31 | D        | Reached skill level 6 in Maces & Flails
    31 | D        | Reached skill level 6 in Polearms
    31 | D        | Reached skill level 6 in Staves
    31 | D        | Reached skill level 6 in Ranged Weapons
    31 | D        | Reached skill level 6 in Throwing
    31 | D        | Reached skill level 6 in Armour
    31 | D        | Reached skill level 6 in Shields
    31 | D        | Reached skill level 6 in Spellcasting
    31 | D        | Reached skill level 7 in Conjurations
    31 | D        | Reached skill level 7 in Hexes
    31 | D        | Reached skill level 7 in Summonings
    31 | D        | Reached skill level 7 in Necromancy
    31 | D        | Reached skill level 6 in Translocations
    31 | D        | Reached skill level 6 in Transmutations
    31 | D        | Reached skill level 6 in Fire Magic
    31 | D        | Reached skill level 6 in Ice Magic
    31 | D        | Reached skill level 6 in Air Magic
    31 | D        | Reached skill level 6 in Earth Magic
    31 | D        | Reached skill level 7 in Poison Magic
    31 | D        | Reached skill level 7 in Evocations
    31 | D        | Killed a destroyer
    32 | D        | Reached skill level 7 in Short Blades
    32 | D        | Reached skill level 7 in Long Blades
    32 | D        | Reached skill level 7 in Maces & Flails
    32 | D        | Reached skill level 7 in Polearms
    32 | D        | Reached skill level 7 in Staves
    32 | D        | Reached skill level 7 in Ranged Weapons
    32 | D        | Reached skill level 7 in Throwing
    32 | D        | Reached skill level 7 in Armour
    32 | D        | Reached skill level 7 in Shields
    32 | D        | Reached skill level 7 in Spellcasting
    32 | D        | Reached skill level 8 in Conjurations
    32 | D        | Reached skill level 8 in Hexes
    32 | D        | Reached skill level 8 in Summonings
    32 | D        | Reached skill level 9 in Necromancy
    32 | D        | Reached skill level 7 in Translocations
    32 | D        | Reached skill level 7 in Transmutations
    32 | D        | Reached skill level 7 in Fire Magic
    32 | D        | Reached skill level 7 in Ice Magic
    32 | D        | Reached skill level 7 in Air Magic
    32 | D        | Reached skill level 7 in Earth Magic
    32 | D        | Reached skill level 8 in Poison Magic
    32 | D        | Reached skill level 8 in Evocations
    32 | D        | Gained mutation: You regenerate a lot of health from kills.
                  | [demonic ancestry]
    32 | D        | Reached XP level 20. HP: 216/216 MP: 18/37
    32 | D        | Killed a meat berserker
    33 | D        | Reached skill level 8 in Short Blades
    33 | D        | Reached skill level 8 in Long Blades
    33 | D        | Reached skill level 8 in Maces & Flails
    33 | D        | Reached skill level 8 in Polearms
    33 | D        | Reached skill level 8 in Staves
    33 | D        | Reached skill level 8 in Ranged Weapons
    33 | D        | Reached skill level 8 in Throwing
    33 | D        | Reached skill level 8 in Armour
    33 | D        | Reached skill level 8 in Shields
    33 | D        | Reached skill level 8 in Spellcasting
    33 | D        | Reached skill level 9 in Conjurations
    33 | D        | Reached skill level 9 in Hexes
    33 | D        | Reached skill level 9 in Summonings
    33 | D        | Reached skill level 8 in Translocations
    33 | D        | Reached skill level 8 in Transmutations
    33 | D        | Reached skill level 8 in Fire Magic
    33 | D        | Reached skill level 8 in Ice Magic
    33 | D        | Reached skill level 8 in Air Magic
    33 | D        | Reached skill level 8 in Earth Magic
    33 | D        | Reached skill level 9 in Poison Magic
    33 | D        | Reached skill level 9 in Evocations
    33 | D        | Noticed a meat berserker
    33 | D        | Noticed a meat berserker
    33 | D        | Noticed a meat berserker
    34 | D        | Noticed an eight-headed meat hydra
    36 | D        | Noticed a meat berserker
    37 | D        | Killed a meat berserker
    37 | D        | Killed a meat berserker
    37 | D        | Killed a meat berserker
    37 | D        | Noticed a tyrant
    38 | D        | Reached skill level 9 in Short Blades
    38 | D        | Reached skill level 9 in Long Blades
    38 | D        | Reached skill level 9 in Maces & Flails
    38 | D        | Reached skill level 9 in Polearms
    38 | D        | Reached skill level 9 in Staves
    38 | D        | Reached skill level 9 in Ranged Weapons
    38 | D        | Reached skill level 9 in Throwing
    38 | D        | Reached skill level 9 in Armour
    38 | D        | Reached skill level 9 in Shields
    38 | D        | Reached skill level 9 in Spellcasting
    38 | D        | Reached skill level 10 in Conjurations
    38 | D        | Reached skill level 10 in Hexes
    38 | D        | Reached skill level 10 in Summonings
    38 | D        | Reached skill level 11 in Necromancy
    38 | D        | Reached skill level 9 in Translocations
    38 | D        | Reached skill level 9 in Transmutations
    38 | D        | Reached skill level 9 in Fire Magic
    38 | D        | Reached skill level 9 in Ice Magic
    38 | D        | Reached skill level 9 in Air Magic
    38 | D        | Reached skill level 9 in Earth Magic
    38 | D        | Reached skill level 10 in Poison Magic
    38 | D        | Reached skill level 10 in Evocations
    38 | D        | Killed a meat berserker
    38 | D        | Noticed a large bag of meat
    39 | D        | Reached skill level 10 in Short Blades
    39 | D        | Reached skill level 10 in Long Blades
    39 | D        | Reached skill level 10 in Maces & Flails
    39 | D        | Reached skill level 10 in Polearms
    39 | D        | Reached skill level 10 in Staves
    39 | D        | Reached skill level 10 in Ranged Weapons
    39 | D        | Reached skill level 10 in Throwing
    39 | D        | Reached skill level 10 in Armour
    39 | D        | Reached skill level 10 in Shields
    39 | D        | Reached skill level 10 in Spellcasting
    39 | D        | Reached skill level 11 in Hexes
    39 | D        | Reached skill level 10 in Transmutations
    39 | D        | Reached skill level 10 in Fire Magic
    39 | D        | Reached skill level 10 in Ice Magic
    39 | D        | Reached skill level 10 in Air Magic
    39 | D        | Reached skill level 10 in Earth Magic
    39 | D        | Reached skill level 11 in Poison Magic
    39 | D        | Noticed a tyrant
    40 | D        | Reached skill level 11 in Conjurations
    40 | D        | Reached skill level 11 in Summonings
    40 | D        | Reached skill level 12 in Necromancy
    40 | D        | Reached skill level 10 in Translocations
    40 | D        | Reached skill level 11 in Evocations
    40 | D        | Reached XP level 21. HP: 224/224 MP: 20/38
    42 | D        | Reached skill level 11 in Maces & Flails
    42 | D        | Noticed a destroyer
    43 | D        | Reached skill level 11 in Short Blades
    43 | D        | Reached skill level 11 in Long Blades
    43 | D        | Reached skill level 11 in Polearms
    43 | D        | Reached skill level 11 in Staves
    43 | D        | Reached skill level 11 in Ranged Weapons
    43 | D        | Reached skill level 11 in Throwing
    43 | D        | Reached skill level 11 in Armour
    43 | D        | Reached skill level 11 in Shields
    43 | D        | Reached skill level 11 in Spellcasting
    43 | D        | Reached skill level 12 in Conjurations
    43 | D        | Reached skill level 12 in Hexes
    43 | D        | Reached skill level 12 in Summonings
    43 | D        | Reached skill level 13 in Necromancy
    43 | D        | Reached skill level 11 in Translocations
    43 | D        | Reached skill level 11 in Transmutations
    43 | D        | Reached skill level 11 in Fire Magic
    43 | D        | Reached skill level 11 in Ice Magic
    43 | D        | Reached skill level 11 in Air Magic
    43 | D        | Reached skill level 11 in Earth Magic
    43 | D        | Reached skill level 12 in Poison Magic
    43 | D        | Reached skill level 12 in Evocations
    44 | D        | Noticed an accursed
    46 | D        | Noticed a tyrant
    46 | D        | Killed a tyrant
    47 | D        | Reached skill level 12 in Short Blades
    47 | D        | Reached skill level 12 in Long Blades
    47 | D        | Reached skill level 12 in Maces & Flails
    47 | D        | Reached skill level 12 in Polearms
    47 | D        | Reached skill level 12 in Staves
    47 | D        | Reached skill level 12 in Ranged Weapons
    47 | D        | Reached skill level 12 in Throwing
    47 | D        | Reached skill level 12 in Armour
    47 | D        | Reached skill level 12 in Shields
    47 | D        | Reached skill level 12 in Spellcasting
    47 | D        | Reached skill level 13 in Conjurations
    47 | D        | Reached skill level 13 in Hexes
    47 | D        | Reached skill level 13 in Summonings
    47 | D        | Reached skill level 14 in Necromancy
    47 | D        | Reached skill level 12 in Translocations
    47 | D        | Reached skill level 12 in Transmutations
    47 | D        | Reached skill level 12 in Fire Magic
    47 | D        | Reached skill level 12 in Ice Magic
    47 | D        | Reached skill level 12 in Air Magic
    47 | D        | Reached skill level 12 in Earth Magic
    47 | D        | Reached skill level 13 in Poison Magic
    47 | D        | Reached skill level 13 in Evocations
    48 | D        | Killed a large bag of meat
    49 | D        | Gained mutation: You are completely covered in razor-sharp
                  | scales. (AC +3, Slay +3) [demonic ancestry]
    49 | D        | Reached XP level 22. HP: 219/233 MP: 22/39
    50 | D        | Reached skill level 13 in Long Blades
    50 | D        | Reached skill level 13 in Maces & Flails
    50 | D        | Reached skill level 13 in Staves
    50 | D        | Reached skill level 13 in Ranged Weapons
    50 | D        | Reached skill level 13 in Throwing
    50 | D        | Reached skill level 13 in Shields
    50 | D        | Reached skill level 13 in Spellcasting
    50 | D        | Reached skill level 14 in Conjurations
    50 | D        | Reached skill level 14 in Hexes
    50 | D        | Reached skill level 14 in Summonings
    50 | D        | Reached skill level 15 in Necromancy
    50 | D        | Reached skill level 13 in Fire Magic
    50 | D        | Reached skill level 13 in Ice Magic
    50 | D        | Reached skill level 13 in Air Magic
    50 | D        | Reached skill level 13 in Earth Magic
    50 | D        | Reached skill level 14 in Poison Magic
    50 | D        | Reached skill level 14 in Evocations
    50 | D        | Killed a destroyer
    51 | D        | Reached skill level 13 in Short Blades
    51 | D        | Reached skill level 13 in Polearms
    51 | D        | Reached skill level 13 in Armour
    51 | D        | Reached skill level 16 in Necromancy
    51 | D        | Reached skill level 13 in Translocations
    51 | D        | Reached skill level 13 in Transmutations
    51 | D        | Noticed a tyrant
    51 | D        | Killed a tyrant
    52 | D        | Reached skill level 14 in Short Blades
    52 | D        | Reached skill level 14 in Long Blades
    52 | D        | Reached skill level 14 in Maces & Flails
    52 | D        | Reached skill level 14 in Polearms
    52 | D        | Reached skill level 14 in Staves
    52 | D        | Reached skill level 14 in Ranged Weapons
    52 | D        | Reached skill level 14 in Throwing
    52 | D        | Reached skill level 14 in Armour
    52 | D        | Reached skill level 14 in Shields
    52 | D        | Reached skill level 14 in Spellcasting
    52 | D        | Reached skill level 15 in Conjurations
    52 | D        | Reached skill level 15 in Hexes
    52 | D        | Reached skill level 15 in Summonings
    52 | D        | Reached skill level 14 in Translocations
    52 | D        | Reached skill level 14 in Transmutations
    52 | D        | Reached skill level 14 in Fire Magic
    52 | D        | Reached skill level 14 in Ice Magic
    52 | D        | Reached skill level 14 in Air Magic
    52 | D        | Reached skill level 14 in Earth Magic
    52 | D        | Reached skill level 15 in Poison Magic
    52 | D        | Reached skill level 15 in Evocations
    52 | D        | Noticed a tyrant
    53 | D        | Reached skill level 17 in Necromancy
    53 | D        | Killed a tyrant
    53 | D        | Noticed a meat beast
    54 | D        | Reached skill level 15 in Short Blades
    54 | D        | Reached skill level 15 in Long Blades
    54 | D        | Reached skill level 15 in Maces & Flails
    54 | D        | Reached skill level 15 in Polearms
    54 | D        | Reached skill level 15 in Staves
    54 | D        | Reached skill level 15 in Ranged Weapons
    54 | D        | Reached skill level 15 in Throwing
    54 | D        | Reached skill level 15 in Armour
    54 | D        | Reached skill level 15 in Shields
    54 | D        | Reached skill level 15 in Spellcasting
    54 | D        | Reached skill level 16 in Conjurations
    54 | D        | Reached skill level 16 in Hexes
    54 | D        | Reached skill level 16 in Summonings
    54 | D        | Reached skill level 15 in Translocations
    54 | D        | Reached skill level 15 in Transmutations
    54 | D        | Reached skill level 15 in Fire Magic
    54 | D        | Reached skill level 15 in Ice Magic
    54 | D        | Reached skill level 15 in Air Magic
    54 | D        | Reached skill level 15 in Earth Magic
    54 | D        | Reached skill level 16 in Poison Magic
    54 | D        | Reached skill level 16 in Evocations
    54 | D        | Reached XP level 23. HP: 227/240 MP: 23/42
    55 | D        | Noticed a tyrant
    55 | D        | Noticed an accursed
    55 | D        | Noticed a tyrant
    56 | D        | Killed a meat beast
    56 | D        | Noticed a meat beast
    57 | D        | Reached skill level 16 in Short Blades
    57 | D        | Reached skill level 16 in Long Blades
    57 | D        | Reached skill level 16 in Maces & Flails
    57 | D        | Reached skill level 16 in Polearms
    57 | D        | Reached skill level 16 in Staves
    57 | D        | Reached skill level 16 in Ranged Weapons
    57 | D        | Reached skill level 16 in Throwing
    57 | D        | Reached skill level 16 in Armour
    57 | D        | Reached skill level 16 in Shields
    57 | D        | Reached skill level 16 in Spellcasting
    57 | D        | Reached skill level 17 in Conjurations
    57 | D        | Reached skill level 17 in Hexes
    57 | D        | Reached skill level 17 in Summonings
    57 | D        | Reached skill level 19 in Necromancy
    57 | D        | Reached skill level 16 in Translocations
    57 | D        | Reached skill level 16 in Transmutations
    57 | D        | Reached skill level 16 in Fire Magic
    57 | D        | Reached skill level 16 in Ice Magic
    57 | D        | Reached skill level 16 in Air Magic
    57 | D        | Reached skill level 16 in Earth Magic
    57 | D        | Reached skill level 17 in Poison Magic
    57 | D        | Reached skill level 17 in Evocations
    57 | D        | Killed an accursed
    58 | D        | Reached skill level 17 in Short Blades
    58 | D        | Reached skill level 17 in Long Blades
    58 | D        | Reached skill level 17 in Maces & Flails
    58 | D        | Reached skill level 17 in Polearms
    58 | D        | Reached skill level 17 in Staves
    58 | D        | Reached skill level 17 in Ranged Weapons
    58 | D        | Reached skill level 17 in Throwing
    58 | D        | Reached skill level 17 in Armour
    58 | D        | Reached skill level 17 in Shields
    58 | D        | Reached skill level 17 in Spellcasting
    58 | D        | Reached skill level 18 in Conjurations
    58 | D        | Reached skill level 18 in Hexes
    58 | D        | Reached skill level 18 in Summonings
    58 | D        | Reached skill level 20 in Necromancy
    58 | D        | Reached skill level 17 in Translocations
    58 | D        | Reached skill level 17 in Transmutations
    58 | D        | Reached skill level 17 in Fire Magic
    58 | D        | Reached skill level 17 in Ice Magic
    58 | D        | Reached skill level 17 in Air Magic
    58 | D        | Reached skill level 17 in Earth Magic
    58 | D        | Reached skill level 18 in Poison Magic
    58 | D        | Reached skill level 18 in Evocations
    58 | D        | Gained mutation: You are very robust. (+20% HP) [demonic
                  | ancestry]
    58 | D        | Reached XP level 24. HP: 128/272 MP: 23/44
    58 | D        | Noticed a meat beast
    59 | D        | Noticed a dread
    59 | D        | Killed a tyrant
    60 | D        | Reached skill level 19 in Conjurations
    60 | D        | Reached skill level 19 in Poison Magic
    60 | D        | Reached skill level 19 in Evocations
    60 | D        | Killed a meat beast
    61 | D        | Reached skill level 18 in Short Blades
    61 | D        | Reached skill level 18 in Long Blades
    61 | D        | Reached skill level 18 in Maces & Flails
    61 | D        | Reached skill level 18 in Polearms
    61 | D        | Reached skill level 18 in Staves
    61 | D        | Reached skill level 18 in Ranged Weapons
    61 | D        | Reached skill level 18 in Throwing
    61 | D        | Reached skill level 18 in Armour
    61 | D        | Reached skill level 18 in Shields
    61 | D        | Reached skill level 18 in Spellcasting
    61 | D        | Reached skill level 19 in Hexes
    61 | D        | Reached skill level 19 in Summonings
    61 | D        | Reached skill level 21 in Necromancy
    61 | D        | Reached skill level 18 in Translocations
    61 | D        | Reached skill level 18 in Transmutations
    61 | D        | Reached skill level 18 in Fire Magic
    61 | D        | Reached skill level 18 in Ice Magic
    61 | D        | Reached skill level 18 in Air Magic
    61 | D        | Reached skill level 18 in Earth Magic
    61 | D        | Reached skill level 20 in Poison Magic
    61 | D        | Reached XP level 25. HP: 206/280 MP: 24/45
    61 | D        | Killed a meat beast
    62 | D        | Reached skill level 19 in Short Blades
    62 | D        | Reached skill level 19 in Long Blades
    62 | D        | Reached skill level 19 in Maces & Flails
    62 | D        | Reached skill level 19 in Polearms
    62 | D        | Reached skill level 19 in Staves
    62 | D        | Reached skill level 19 in Ranged Weapons
    62 | D        | Reached skill level 19 in Throwing
    62 | D        | Reached skill level 19 in Armour
    62 | D        | Reached skill level 19 in Shields
    62 | D        | Reached skill level 19 in Spellcasting
    62 | D        | Reached skill level 20 in Conjurations
    62 | D        | Reached skill level 20 in Hexes
    62 | D        | Reached skill level 20 in Summonings
    62 | D        | Reached skill level 22 in Necromancy
    62 | D        | Reached skill level 19 in Translocations
    62 | D        | Reached skill level 19 in Transmutations
    62 | D        | Reached skill level 19 in Fire Magic
    62 | D        | Reached skill level 19 in Ice Magic
    62 | D        | Reached skill level 19 in Air Magic
    62 | D        | Reached skill level 19 in Earth Magic
    62 | D        | Reached skill level 20 in Evocations
    62 | D        | Noticed a meat beast
    62 | D        | Noticed a meat beast
    62 | D        | Noticed a meat beast
    62 | D        | Noticed a meat beast
    62 | D        | Noticed an accursed
    63 | D        | Noticed a dread
    64 | D        | Reached skill level 21 in Conjurations
    64 | D        | Reached skill level 21 in Hexes
    64 | D        | Reached skill level 21 in Poison Magic
    64 | D        | Reached skill level 21 in Evocations
    64 | D        | Killed a meat beast
    64 | D        | Killed a meat beast
    65 | D        | Reached skill level 20 in Short Blades
    65 | D        | Reached skill level 20 in Long Blades
    65 | D        | Reached skill level 21 in Maces & Flails
    65 | D        | Reached skill level 20 in Polearms
    65 | D        | Reached skill level 20 in Staves
    65 | D        | Reached skill level 20 in Ranged Weapons
    65 | D        | Reached skill level 20 in Throwing
    65 | D        | Reached skill level 20 in Armour
    65 | D        | Reached skill level 20 in Shields
    65 | D        | Reached skill level 20 in Spellcasting
    65 | D        | Reached skill level 22 in Conjurations
    65 | D        | Reached skill level 22 in Hexes
    65 | D        | Reached skill level 22 in Summonings
    65 | D        | Reached skill level 24 in Necromancy
    65 | D        | Reached skill level 21 in Translocations
    65 | D        | Reached skill level 20 in Transmutations
    65 | D        | Reached skill level 20 in Fire Magic
    65 | D        | Reached skill level 20 in Ice Magic
    65 | D        | Reached skill level 21 in Air Magic
    65 | D        | Reached skill level 21 in Earth Magic
    65 | D        | Reached skill level 22 in Poison Magic
    65 | D        | Reached skill level 22 in Evocations
    65 | D        | Reached XP level 26. HP: 217/290 MP: 25/47
    65 | D        | Killed a tyrant
    66 | D        | Reached skill level 21 in Short Blades
    66 | D        | Reached skill level 21 in Long Blades
    66 | D        | Reached skill level 21 in Polearms
    66 | D        | Reached skill level 21 in Staves
    66 | D        | Reached skill level 21 in Ranged Weapons
    66 | D        | Reached skill level 21 in Throwing
    66 | D        | Reached skill level 21 in Armour
    66 | D        | Reached skill level 21 in Shields
    66 | D        | Reached skill level 21 in Spellcasting
    66 | D        | Reached skill level 21 in Transmutations
    66 | D        | Reached skill level 21 in Fire Magic
    66 | D        | Reached skill level 21 in Ice Magic
    66 | D        | Reached skill level 23 in Poison Magic
    66 | D        | Killed a meat beast
    67 | D        | Reached skill level 22 in Short Blades
    67 | D        | Reached skill level 22 in Long Blades
    67 | D        | Reached skill level 22 in Maces & Flails
    67 | D        | Reached skill level 22 in Polearms
    67 | D        | Reached skill level 22 in Staves
    67 | D        | Reached skill level 22 in Ranged Weapons
    67 | D        | Reached skill level 22 in Throwing
    67 | D        | Reached skill level 22 in Armour
    67 | D        | Reached skill level 22 in Shields
    67 | D        | Reached skill level 22 in Spellcasting
    67 | D        | Reached skill level 23 in Conjurations
    67 | D        | Reached skill level 23 in Hexes
    67 | D        | Reached skill level 23 in Summonings
    67 | D        | Reached skill level 25 in Necromancy
    67 | D        | Reached skill level 22 in Translocations
    67 | D        | Reached skill level 22 in Transmutations
    67 | D        | Reached skill level 22 in Fire Magic
    67 | D        | Reached skill level 22 in Ice Magic
    67 | D        | Reached skill level 22 in Air Magic
    67 | D        | Reached skill level 22 in Earth Magic
    67 | D        | Reached skill level 23 in Evocations
    67 | D        | Gained mutation: You are extremely robust. (+30% HP)
                  | [demonic ancestry]
    67 | D        | Reached XP level 27. HP: 217/323 MP: 25/49
    67 | D        | Killed a meat beast
    67 | D        | Noticed a meat beast
    68 | D        | Reached skill level 24 in Conjurations
    68 | D        | Reached skill level 24 in Hexes
    68 | D        | Reached skill level 24 in Summonings
    68 | D        | Reached skill level 26 in Necromancy
    68 | D        | Reached skill level 24 in Poison Magic
    68 | D        | Reached skill level 24 in Evocations
    68 | D        | Noticed a meat beast
    69 | D        | Killed a tyrant
    69 | D        | HP: 68/323 [??? (66)]
    70 | D        | Reached skill level 23 in Maces & Flails
    70 | D        | Reached skill level 23 in Fire Magic
    70 | D        | Reached skill level 23 in Air Magic
    70 | D        | Killed a tyrant
    70 | D        | Killed an accursed
    70 | D        | Noticed a dread
    71 | D        | Reached skill level 23 in Short Blades
    71 | D        | Reached skill level 23 in Long Blades
    71 | D        | Reached skill level 23 in Polearms
    71 | D        | Reached skill level 23 in Staves
    71 | D        | Reached skill level 23 in Ranged Weapons
    71 | D        | Reached skill level 23 in Throwing
    71 | D        | Reached skill level 23 in Armour
    71 | D        | Reached skill level 23 in Shields
    71 | D        | Reached skill level 23 in Spellcasting
    71 | D        | Reached skill level 25 in Conjurations
    71 | D        | Reached skill level 25 in Hexes
    71 | D        | Reached skill level 25 in Summonings
    71 | D        | Reached skill level 27 in Necromancy
    71 | D        | Reached skill level 23 in Translocations
    71 | D        | Reached skill level 23 in Transmutations
    71 | D        | Reached skill level 23 in Ice Magic
    71 | D        | Reached skill level 23 in Earth Magic
    71 | D        | Reached skill level 25 in Poison Magic
    71 | D        | Reached skill level 25 in Evocations
    71 | D        | Noticed a meat beast
    71 | D        | Killed a meat beast
    71 | D        | Noticed a tyrant
    72 | D        | Reached skill level 24 in Short Blades
    72 | D        | Reached skill level 24 in Maces & Flails
    72 | D        | Reached skill level 24 in Polearms
    72 | D        | Reached skill level 24 in Staves
    72 | D        | Reached skill level 24 in Ranged Weapons
    72 | D        | Reached skill level 24 in Throwing
    72 | D        | Reached skill level 24 in Armour
    72 | D        | Reached skill level 24 in Shields
    72 | D        | Reached skill level 24 in Spellcasting
    72 | D        | Reached skill level 24 in Translocations
    72 | D        | Reached skill level 24 in Transmutations
    72 | D        | Reached skill level 24 in Fire Magic
    72 | D        | Reached skill level 24 in Ice Magic
    72 | D        | Reached skill level 24 in Air Magic
    72 | D        | Reached skill level 24 in Earth Magic
    72 | D        | Reached skill level 26 in Poison Magic
    72 | D        | Killed a meat beast
    72 | D        | Killed a dread
    72 | D        | Noticed a meat beast
    73 | D        | Reached skill level 24 in Long Blades
    73 | D        | Reached skill level 25 in Maces & Flails
    73 | D        | Reached skill level 25 in Spellcasting
    73 | D        | Reached skill level 26 in Conjurations
    73 | D        | Reached skill level 26 in Hexes
    73 | D        | Reached skill level 26 in Summonings
    73 | D        | Reached skill level 25 in Air Magic
    73 | D        | Reached skill level 26 in Evocations
    73 | D        | Killed a dread
    73 | D        | Noticed a meat beast
    73 | D        | Noticed a meat beast
    74 | D        | Reached skill level 25 in Short Blades
    74 | D        | Reached skill level 25 in Long Blades
    74 | D        | Reached skill level 25 in Polearms
    74 | D        | Reached skill level 25 in Staves
    74 | D        | Reached skill level 25 in Ranged Weapons
    74 | D        | Reached skill level 25 in Throwing
    74 | D        | Reached skill level 25 in Armour
    74 | D        | Reached skill level 25 in Shields
    74 | D        | Reached skill level 27 in Conjurations
    74 | D        | Reached skill level 27 in Hexes
    74 | D        | Reached skill level 27 in Summonings
    74 | D        | Reached skill level 25 in Translocations
    74 | D        | Reached skill level 25 in Transmutations
    74 | D        | Reached skill level 25 in Fire Magic
    74 | D        | Reached skill level 25 in Ice Magic
    74 | D        | Reached skill level 25 in Earth Magic
    74 | D        | Reached skill level 27 in Poison Magic
    74 | D        | Reached skill level 27 in Evocations
    74 | D        | Killed a meat beast
    74 | D        | HP: 68/323 [tyrant/the air (37)]
    74 | D        | Noticed a destroyer
    74 | D        | HP: 31/323 [meat berserker/+9 battleaxe (37)]
    74 | D        | HP: 6/323 [accursed/divine providence (11)]
    75 | D        | Reached skill level 26 in Maces & Flails
    75 | D        | Reached skill level 26 in Polearms
    75 | D        | Reached skill level 26 in Staves
    75 | D        | Reached skill level 26 in Ranged Weapons
    75 | D        | Reached skill level 26 in Throwing
    75 | D        | Reached skill level 26 in Armour
    75 | D        | Reached skill level 26 in Shields
    75 | D        | Reached skill level 26 in Spellcasting
    75 | D        | Reached skill level 26 in Translocations
    75 | D        | Reached skill level 26 in Transmutations
    75 | D        | Reached skill level 26 in Fire Magic
    75 | D        | Reached skill level 26 in Ice Magic
    75 | D        | Reached skill level 26 in Air Magic
    75 | D        | Reached skill level 26 in Earth Magic
    75 | D        | Killed a meat beast
    75 | D        | Killed a meat beast
    76 | D        | Reached skill level 27 in Short Blades
    76 | D        | Reached skill level 27 in Long Blades
    76 | D        | Reached skill level 27 in Maces & Flails
    76 | D        | Reached skill level 27 in Polearms
    76 | D        | Reached skill level 27 in Staves
    76 | D        | Reached skill level 27 in Ranged Weapons
    76 | D        | Reached skill level 27 in Throwing
    76 | D        | Reached skill level 27 in Armour
    76 | D        | Reached skill level 27 in Shields
    76 | D        | Reached skill level 27 in Spellcasting
    76 | D        | Reached skill level 27 in Translocations
    76 | D        | Reached skill level 27 in Transmutations
    76 | D        | Reached skill level 27 in Fire Magic
    76 | D        | Reached skill level 27 in Ice Magic
    76 | D        | Reached skill level 27 in Air Magic
    76 | D        | Reached skill level 27 in Earth Magic
    76 | D        | Noticed a large bag of meat
    76 | D        | Noticed a tyrant
    77 | D        | HP: 1/323 [accursed/divine providence (12)]
    79 | D        | Noticed a meat beast
    79 | D        | Killed a meat beast
    80 | D        | Killed an accursed
    81 | D        | Annihilated by a large bag of meat

Vanquished Creatures
  13 hell beasts (D)
  3 royal mummies (D)
  2 wraiths (D)
  4 vampire knights (D)
  29 ogres (D)
  3 two-headed ogres (D)
  7 liches (D)
  A hydra (D)
  A phantom (D)
  43 orcs (D)
  8 skeletal warriors (D)
114 creatures vanquished.

Table legend:
 A = Non-vault XP
 B = Vault XP
 C = Vault XP percentage of total XP
 D = Non-vault monster count
 E = Vault monster count
 F = Vault count percentage of total count
                 A         B        C        D         E       F
            +---------+---------+-------+---------+---------+-------
      Total | 1937091 |  398624 |  17.1 |      67 |      47 |  41.2
            +---------+---------+-------+---------+---------+-------
          D | 1937091 |  398624 |  17.1 |      67 |      47 |  41.2
            +---------+---------+-------+---------+---------+-------

Illustrated notes

Table legend:
 A = Kills in this place as a percentage of kills in entire the game.
 B = Kills by you in this place as a percentage of kills by you in the entire game.
 C = Kills by friends in this place as a percentage of kills by friends in the entire game.
 D = Other kills in this place as a percentage of other kills in the entire game.
 E = Experience gained in this place as a percentage of experience gained in the entire game.
 F = Experience gained in this place divided by the number of levels of this place that you have seen.
                   A       B       C       D       E      F
               +-------+-------+-------+-------+-------+----------------------
         Total | 100.0 | 100.0 |   N/A |   N/A | 100.0 | 2335715.0
       Dungeon | 100.0 | 100.0 |   N/A |   N/A | 100.0 | 2335715.0
               +-------+-------+-------+-------+-------+----------------------

Table legend: (Time is in decaauts)
 A = Elapsed time spent in this place.
 B = Non-inter-level travel time spent in this place.
 C = Inter-level travel time spent in this place.
 D = Time resting spent in this place.
 E = Time spent auto-exploring this place.
 F = Levels seen in this place.
 G = Mean time per level.
                   A        B        C        D        E       F      G
               +--------+--------+--------+--------+--------+-----+--------+
         Total |     78 |     78 |      0 |      0 |      0 |   1 |   78.0 |
       Dungeon |     78 |     78 |      0 |      0 |      0 |   1 |   78.0 |
               +--------+--------+--------+--------+--------+-----+--------+

Top non-repeatable levels by time:
       D: 78 daAuts
